 Dungeon Crawl Stone Soup version 0.27.1-4-g1640c2035a (webtiles) character file.

Game seed: 15377668631815766497

11426 infcreate the Fighter (level 11, -3/73 HPs)
             Began as a Gargoyle Fighter on Nov 6, 2021.
             Was a High Priest of Okawaru.
             Slain by a death knight (20 damage)
             ... on level 11 of the Dungeon.
             The game lasted 00:26:14 (14144 turns).

infcreate the Fighter (Gargoyle Fighter)           Turns: 14144, Time: 00:26:15

Health: -3/73      AC: 20    Str: 22    XL:     11   Next: 77%
Magic:  10/11      EV: 10    Int:  5    God:    Okawaru [*****.]
Gold:   401        SH: 15    Dex:  9    Spells: 10/10 levels left

rFire    + . .     SeeInvis .   H - +2 morningstar
rCold    . . .     Faith    .   c - +3 kite shield
rNeg     + . .     Spirit   .   v - +5 leather armour "Kifezunar" {rF+ Int-5 Slay+2 Stlth+}
rPois    ∞         Reflect  .   (no helmet)
rElec    +         Harm     .   h - +0 cloak
rCorr    .         Rampage  .   k - +0 pair of gloves
Will     .....                  (no boots)
Stlth    ++........             G - amulet of the acrobat
HPRegen  0.22/turn              (no ring)
MPRegen  0.12/turn              (no ring)

@: no status effects
A: sickness immunity, AC +8, negative energy resistance 1, electricity
resistance, torment resistance 1, petrification resistance
a: Renounce Religion, Heroism, Finesse


You were on level 11 of the Dungeon.
You worshipped Okawaru.
Okawaru was extremely pleased with you.
You visited 2 branches of the dungeon, and saw 12 of its levels.

You collected 445 gold pieces.
You spent 44 gold pieces at shops.


Innate Abilities, Weirdness & Mutations

You are immune to sickness and miasma.
Your stone body is resilient. (AC +8)
You are immune to poison.
You resist negative energy. (rN+)
You are resistant to electric shocks. (rElec)
You are resistant to unholy torment.
You are immune to petrification.


   Skills:
 + Level 10.6 Fighting
 + Level 9.5 Maces & Flails
 + Level 10.5 Armour
 + Level 10.5 Shields


You had 10 spell levels left.
You didn't know any spells.
Your spell library contained the following spells:

 Spells                   Type           Power      Damage    Failure   Level
 Gell's Gravitas          Tloc           0%         N/A       97%         3
 Lesser Beckoning         Tloc           0%         N/A       97%         3
 Ozocubu's Armour         Ice            0%         N/A       97%         3
 Teleport Other           Tloc           0%         N/A       97%         3
 Olgreb's Toxic Radiance  Pois           0%         N/A       100%        4
 Metabolic Englaciation   Hex/Ice        0%         N/A       100%        5
 Simulacrum               Ice/Necr       0%         N/A       100%        6
 Ozocubu's Refrigeration  Ice            0%         4d5       100%        7
 Ignition                 Fire           0%         3d3       100%        8

Inventory:

Hand Weapons
 d - a +4 battleaxe of flaming
 H - a +2 morningstar (weapon)
Missiles
 a - 8 throwing nets (quivered) {=f}
Armour
 c - a +3 kite shield (worn)
 h - a +0 cloak (worn)
 k - a +0 pair of gloves (worn)
 v - the +5 leather armour "Kifezunar" (worn) {rF+ Int-5 Slay+2 Stlth+}
   (You found it on level 5 of the Dungeon)

   Int:       It affects your intelligence (-5).
   Slay:      It affects your accuracy & damage with ranged weapons and melee
   (+2).
   rF:        It protects you from fire.
   Stlth:     It makes you more stealthy.
Magical Staves
 C - a staff of cold {!a}
 O - a staff of air {!a}
Jewellery
 G - an amulet of the acrobat (around neck)
Wands
 b - a wand of mindburst (10)
 n - a wand of flame (63)
 E - a wand of polymorph (22)
 J - a wand of iceblast (6)
 K - a wand of digging (11)
Scrolls
 f - 2 scrolls of teleportation {@r2}
 i - 4 scrolls of amnesia
 l - 11 scrolls of identify {@r1}
 o - a scroll of torment {unknown}
 q - a scroll of holy word {unknown}
 t - a scroll of silence {unknown}
 w - a scroll of blinking
 x - a scroll of immolation {unknown}
 y - a scroll of noise {unknown}
 z - a scroll of fog {unknown}
 B - a scroll of magic mapping {unknown}
 D - 2 scrolls of summoning {unknown}
 L - a scroll of acquirement {unknown}
 M - a scroll of vulnerability {unknown}
 N - a scroll of fear {unknown}
Potions
 e - 2 potions of heal wounds {@q2}
 g - 2 potions of haste {unknown}
 j - a potion of lignification {unknown}
 m - a potion of cancellation {unknown}
 p - a potion of experience {unknown}
 s - 2 potions of degeneration {unknown}
 u - 3 potions of curing {unknown}
 A - 3 potions of brilliance {unknown}
 F - 3 potions of mutation {unknown}
 I - a potion of flight {unknown}
 P - a potion of magic {unknown}
 Q - a potion of invisibility {unknown}

Dungeon Overview and Level Annotations

Branches:
Dungeon (11/15)            Temple (1/1) D:7            Lair (0/6) D:9
    Orc: D:9-12

Altars:
Ashenzari
Dithmenos
Elyvilon
Fedhas
Kikubaaqudgha
Makhleb
Okawaru
Ru
Sif Muna
Vehumet
Xom

Shops:
D:8 *(

Portals:
Abyss: D:5

Annotations:
D:5 2 transporters, ABBCCCDDDD's ghost, weakling HODe
D:6 3 runed translucent doors, Sirial's ghost, novice DrTm

▒▒▒▒▒▒▒▒▒▒ ▒.......... .........▒
▒.......... .........▒
▒.▒▒▒▒▒▒▒.. .........▒
▒▒.▒...>.▒.. .........▒
▒..▒.....▒.. .........▒
▒▒.'.....▒.. .........▒ ▒▒+▒▒
+▒▒▒.▒....<'.. .........▒
▒...▒...▒▒.▒.....▒.. .........▒
+..@p...▒▒.▒.....▒▒. ####.....▒
▒...▒...▒▒.'......▒.
####..▒▒▒▒▒▒'▒▒▒▒▒▒..▒......▒.
#.................▒......▒.
#.................▒......▒. #
#.....▒▒▒▒'▒▒.....▒▒▒▒...▒. #
#.....▒.....+........▒▒▒▒▒. #
#.....▒.....+..............
#######.....▒.....▒..............


You could see a death knight.


Message History

The death knight is almost dead.
The death knight invokes the aid of Yredelemnul against you.
Your body is wracked with pain!
* * * LOW HITPOINT WARNING * * *
You hit the death knight.
The death knight is almost dead.
The death knight reflects your damage back at you!
You feel like a meek peon again. You block the death knight's attack.
You hit the death knight but do no damage.
The death knight is almost dead.
The death knight calls down the wrath of Yredelemnul upon you.
Your body is wracked with pain!
* * * LOW HITPOINT WARNING * * *
You closely miss the death knight.
The death knight is almost dead.
The death knight hits you with a +1 great sword!
* * * LOW HITPOINT WARNING * * *
You feel much better.
The death knight's dark mirror aura disappears.
The death knight mumbles some strange prayers to Yredelemnul against you.
Your body is wracked with pain!
* * * LOW HITPOINT WARNING * * *
You hit the death knight but do no damage.
The death knight is almost dead.
You block the death knight's attack.
You puncture the death knight!
The death knight is almost dead.
The death knight hits you with a +1 great sword!!
You die...

Skill      XL: |  1  2  3  4  5  6  7  8  9 10 11 |
---------------+----------------------------------+-----
Shields        | 4 5 6 8 9 10 | 10.5
Fighting       | 4 5 6 8 9 10 | 10.6
Armour         | 4 5 6 8 9 10 | 10.5
Maces & Flails | 3 4 5 7 8 9 |  9.5

Action                   |  1- 3 |  4- 6 |  7- 9 | 10-12 || total
-------------------------+-------+-------+-------+-------++-------
Melee: Flail             |    91 |   232 |   281 |   488 ||  1092
       Morningstar       |       |       |       |    19 ||    19
Invok: Heroism           |       |       |       |     4 ||     4
  Use: Scroll            |       |     5 |     1 |     6 ||    12
       Potion            |       |       |     1 |     1 ||     2
Armor: Scale mail        |    35 |   151 |    94 |       ||   280
       Leather armour    |       |       |    92 |   246 ||   338
Dodge: Dodged            |    24 |    40 |   112 |   188 ||   364
Block: Kite shield       |    44 |    83 |   198 |   250 ||   575

Levels and vault maps discovered:
D:1:      dpeg_arrival_concentric_ovals, layout_rooms,
          dreamdust_ecumenical_altar_angels_and_demons
D:2:      layout_basic, chequers_serial_rivers_room_a
D:3:      layout_loops_ring, st_stairs_5
D:4:      layout_basic, nrook_campfire
D:5:      layout_rooms, gammafunk_ghost_abyssal_escape,
          chequers_serial_rivers_micro_e, nrook_uturn, uniq_menkaure
D:6:      layout_cave_pools, gammafunk_ghost_icy, nrook_pool_corridor,
          uniq_eustachio
D:7:      layout_gridville, minmay_temple_entry_enclosed_plants,
          serial_co_window_serial, co_window_paths_a,
          co_window_of_opportunity_a, co_window_paths_a, co_window_corner_a,
          co_window_corner_a, co_window_corner_a, co_window_corner_a,
          co_window_corner_b, co_window_cross_4, co_window_of_opportunity_b,
          co_window_sun, co_window_4corner_a, glass_columns_a, glass_columns_b,
          glass_columns_a, glass_columns_a, uniq_harold, uniq_prince_ribbit1
D:8:      layout_loops_ring, serial_shops, kennysheep_mini, shop,
          hangedman_abyss_or_decor_stagger
D:9:      layout_small_grid, erik_lair_orcish_takeover,
          kennysheep_generic_room_7
D:10:     layout_layer_cave, kennysheep_orc_sif_temple, serial_glass,
          glass_columns_a, glass_columns_a, bh_walls_and_bars
D:11:     layout_irregular_city, minmay_evil_grid, uniq_maurice
Temple:   roderic_octagonal_lattice_temple

Notes
Turn   | Place    | Note
-------+----------+-------------------------------------------
     0 | D:1      | infcreate the Gargoyle Fighter began the quest for the Orb.
     0 | D:1      | Reached XP level 1. HP: 14/14 MP: 1/1
   206 | D:1      | Reached XP level 2. HP: 14/19 MP: 2/2
   664 | D:1      | Found a faded altar of an unknown god.
   990 | D:2      | Reached XP level 3. HP: 20/24 MP: 3/3
  1635 | D:2      | Reached XP level 4. HP: 29/29 MP: 4/4
  1930 | D:3      | Noticed a necrophage
  2034 | D:2      | Reached skill level 4 in Shields
  2047 | D:2      | Reached skill level 4 in Fighting
  2137 | D:2      | HP: 1/29 [something (3)]
  2143 | D:2      | Reached skill level 4 in Armour
  2597 | D:3      | Killed a necrophage
  2598 | D:3      | Reached skill level 3 in Maces & Flails
  2598 | D:3      | Reached XP level 5. HP: 31/34 MP: 5/5
  2805 | D:2      | Reached XP level 6. HP: 22/39 MP: 6/6
  3895 | D:4      | Reached skill level 5 in Fighting
  4002 | D:4      | Reached skill level 5 in Armour
  4002 | D:4      | Reached skill level 5 in Shields
  4019 | D:4      | Reached XP level 7. HP: 33/44 MP: 7/7
  4120 | D:4      | Reached skill level 4 in Maces & Flails
  4954 | D:5      | Entered Level 5 of the Dungeon
  5098 | D:5      | Identified the +5 leather armour "Kifezunar" {rF+ Int-5
                  | Slay+2 Stlth+}
  5140 | D:5      | Reached XP level 8. HP: 26/51 MP: 8/8
  5383 | D:5      | Found a transporter.
  5392 | D:5      | Noticed ABBCCCDDDD's ghost (weakling HODe)
  5397 | D:5      | Found a one-way gate to the infinite horrors of the Abyss.
  5401 | D:5      | Noticed Menkaure
  5413 | D:4      | Killed Menkaure
  5414 | D:4      | Reached skill level 6 in Fighting
  5414 | D:4      | Reached skill level 5 in Maces & Flails
  5414 | D:4      | Reached skill level 6 in Armour
  5414 | D:4      | Reached skill level 6 in Shields
  5634 | D:5      | Found a transporter.
  5719 | D:6      | Found a runed translucent gate.
  5719 | D:6      | Found a runed translucent gate.
  5719 | D:6      | Found a runed translucent gate.
  5980 | D:6      | Noticed Eustachio
  6012 | D:6      | Killed Eustachio
  6380 | D:6      | Reached XP level 9. HP: 56/56 MP: 9/9
  6480 | D:6      | Reached skill level 7 in Fighting
  6480 | D:6      | Reached skill level 7 in Armour
  6480 | D:6      | Reached skill level 7 in Shields
  6514 | D:6      | Reached skill level 6 in Maces & Flails
  6571 | D:6      | Noticed Sirial's ghost (novice DrTm)
  6744 | D:7      | Noticed Harold
  6784 | D:7      | Noticed a cyclops
  7062 | D:7      | Noticed Prince Ribbit
  7222 | D:7      | Found a staircase to the Ecumenical Temple.
  7228 | Temple   | Entered the Ecumenical Temple
  7359 | Temple   | Became a worshipper of Warmaster Okawaru
  7644 | D:7      | Killed a cyclops
  7759 | D:7      | Killed Prince Ribbit
  8030 | D:7      | Killed Harold
  8030 | D:7      | Reached * piety under Okawaru
  8031 | D:7      | Reached skill level 8 in Fighting
  8031 | D:7      | Reached skill level 7 in Maces & Flails
  8031 | D:7      | Reached skill level 8 in Armour
  8031 | D:7      | Reached skill level 8 in Shields
  8064 | D:7      | Reached XP level 10. HP: 51/64 MP: 10/10
  8356 | D:8      | Found Kosofyitt's Weapon Boutique.
  8384 | D:8      | Bought a +0 morningstar for 44 gold pieces
  8734 | D:8      | Reached ** piety under Okawaru
  9171 | D:8      | Found Vukaxabo's General Store.
  9701 | D:9      | Identified a +0 robe of the Archmagi
  9939 | D:9      | Noticed a boulder beetle
  9951 | D:8      | Reached skill level 9 in Fighting
 10023 | D:9      | Found a staircase to the Lair.
 10161 | D:9      | Reached skill level 9 in Armour
 10161 | D:9      | Reached skill level 9 in Shields
 10296 | D:9      | Reached skill level 8 in Maces & Flails
 10412 | D:9      | Reached *** piety under Okawaru
 10901 | D:10     | Entered Level 10 of the Dungeon
 11106 | D:10     | Reached **** piety under Okawaru
 11107 | D:10     | Reached XP level 11. HP: 60/71 MP: 11/11
 11952 | D:10     | Reached skill level 10 in Fighting
 11952 | D:10     | Reached skill level 10 in Armour
 11952 | D:10     | Reached skill level 10 in Shields
 12606 | D:10     | Noticed a two-headed ogre
 12616 | D:10     | Killed a two-headed ogre
 12617 | D:10     | Reached skill level 9 in Maces & Flails
 13167 | D:10     | Found a shimmering blue altar of Sif Muna.
 13340 | D:11     | Noticed a two-headed ogre
 13353 | D:11     | Killed a two-headed ogre
 13498 | D:11     | Noticed Maurice
 13549 | D:10     | Killed Maurice
 13549 | D:10     | Reached ***** piety under Okawaru
 13733 | D:11     | Noticed a two-headed ogre
 13749 | D:11     | Killed a two-headed ogre
 13867 | D:11     | Noticed a salamander
 13868 | D:11     | a salamander changed into a yak
 14123 | D:11     | Noticed a death knight
 14141 | D:11     | HP: 3/73 [death knight (14)]
 14144 | D:11     | Slain by a death knight

Vanquished Creatures
  Harold (D:7)
  3 two-headed ogres
  A cyclops (D:7)
  Maurice (D:10)
  A cane toad (shapeshifter) (D:11)
  A kobold demonologist (D:11)
  2 unseen horrors
  Prince Ribbit (D:7)
  A shadow (D:10)
  A wyvern (D:8)
  11 yaks
  Eustachio (D:6)
  Menkaure (D:4)
  A steam dragon (D:8)
  2 wargs (D:8)
  5 orc warriors
  2 black bears (D:4)
  An ice beast (D:7)
  3 ogres
  A necrophage (D:3)
  A kobold brigand (D:8)
  6 bullfrogs
  2 gnoll sergeants (D:8)
  3 scorpions
  3 wyvern zombies (D:8)
  A water moccasin zombie (D:5)
  A howler monkey (D:4)
  4 centaur zombies
  A bullfrog zombie (D:7)
  A hound (D:4)
  9 orc priests
  2 jellies
  A bullfrog skeleton (D:4)
  A centaur skeleton (D:5)
  2 iguanas (D:4)
  23 orc wizards
  2 killer bee zombies
  3 howler monkey zombies
  12 gnolls
  3 howler monkey skeletons
  7 adders
  An adder skeleton (D:5)
  3 worms
  2 dart slugs
  44 orcs
  8 ball pythons
  2 bats
  4 endoplasms
  3 giant cockroaches
  3 goblins
  6 hobgoblins
  4 jackals (D:4)
  10 kobolds
  5 quokkas
  5 frilled lizards
  6 rats
235 creatures vanquished.

Vanquished Creatures (others)
  A plant (D:9)
1 creature vanquished.

Grand Total: 236 creatures vanquished

Table legend: (Time is in decaauts)
 A = Elapsed time spent in this place.
 B = Non-inter-level travel time spent in this place.
 C = Inter-level travel time spent in this place.
 D = Time resting spent in this place.
 E = Time spent auto-exploring this place.
 F = Levels seen in this place.
 G = Mean time per level.
                   A        B        C        D        E       F      G
               +--------+--------+--------+--------+--------+-----+--------+
         Total |  14455 |  13947 |    508 |   1303 |   9203 |  12 | 1204.6 |
       Dungeon |  14299 |  13814 |    485 |   1303 |   9086 |  11 | 1299.9 |
        Temple |    155 |    132 |     23 |      0 |    117 |   1 |  155.0 |
               +--------+--------+--------+--------+--------+-----+--------+

Top non-repeatable levels by time:
    D:10: 1867 daAuts
     D:8: 1637 daAuts
     D:7: 1608 daAuts
     D:4: 1574 daAuts
     D:9: 1510 daAuts
     D:2: 1507 daAuts
     D:3: 1175 daAuts
     D:1: 974 daAuts
     D:5: 843 daAuts
    D:11: 833 daAuts
     D:6: 765 daAuts
  Temple: 155 daAuts

Table legend:
 A = Non-vault XP
 B = Vault XP
 C = Vault XP percentage of total XP
 D = Non-vault monster count
 E = Vault monster count
 F = Vault count percentage of total count
                 A         B        C        D         E       F
            +---------+---------+-------+---------+---------+-------
      Total |   12880 |    3444 |  21.1 |     215 |      20 |   8.5
            +---------+---------+-------+---------+---------+-------
        D:1 |      30 |       0 |   0.0 |      16 |       0 |   0.0
        D:2 |     132 |       0 |   0.0 |      23 |       0 |   0.0
        D:3 |     206 |       9 |   4.2 |      21 |       3 |  12.5
        D:4 |     681 |     190 |  21.8 |      31 |       1 |   3.1
        D:5 |     526 |       0 |   0.0 |      14 |       0 |   0.0
        D:6 |     586 |     196 |  25.1 |      12 |       1 |   7.7
        D:7 |     921 |    1244 |  57.5 |      10 |       2 |  16.7
        D:8 |    1666 |     327 |  16.4 |      41 |       3 |   6.8
        D:9 |    2362 |     410 |  14.8 |      22 |       5 |  18.5
       D:10 |    3493 |     665 |  16.0 |      17 |       4 |  19.0
       D:11 |    2277 |     403 |  15.0 |       8 |       1 |  11.1
            +---------+---------+-------+---------+---------+-------
